 Dungeon Crawl Stone Soup version 0.14-a0-2939-ge0b1554 (webtiles) character file.

453 Econoterrorist the Ruffian (level 6, -6/59 HPs)
             Began as a Troll Monk on Mar 3, 2014.
             Killed from afar by Kae's ghost (9 damage)
             ... with a blast of negative energy
             ... on Level 4 of the Dungeon.
             The game lasted 00:12:24 (2366 turns).

Econoterrorist the Ruffian (Troll Monk)             Turns: 2366, Time: 00:12:24

HP  -6/59        AC  8     Str 20      XL: 6   Next: 38%
MP   3/3         EV  5     Int  6      God:
Gold 93          SH 25     Dex 14      Spells:  0 memorised,  5 levels left

rFire  . . .     SeeInvis .       - Unarmed
rCold  . . .     Clarity  .     q - +0 orc robe
rNeg   + . .     Conserve .     y - +0 orc large shield
rPois  .         rCorr    .     (helmet restricted)
rElec  .         rRot     .     w - +2 cloak
SustAb . .       Spirit   .     (gloves unavailable)
rMut   .         Warding  .     (boots unavailable)
Gourm  +         Stasis   .     (no amulet)
MR     .....                    (no ring)
                                t - ring of positive energy

@: heavily drained, not resistant to hostile enchantments, unstealthy
A: unfitting armour, claws 3, fast metabolism 3, gourmand, regeneration 2,
saprovore 2, shaggy fur 1, tough skin 2
a: no special abilities


You were on level 4 of the Dungeon.
You were completely stuffed.

You visited 1 branch of the dungeon, and saw 4 of its levels.

You collected 93 gold pieces.

Inventory:

Hand weapons
 j - a +0,+1 anti-magic morningstar
Armour
 q - a +0 orcish robe (worn)
 w - a +2 cloak (worn)
 y - a +0 orcish large shield (worn)
Comestibles
 b - 3 meat rations
 c - 3 bread rations
 n - a rotting chunk of adder flesh
 o - 2 rotting chunks of goblin flesh
 r - a pear
 s - a chunk of jackal flesh
 u - a chunk of hound flesh
 v - a chunk of ogre flesh
Scrolls
 d - 2 scrolls of random uselessness {unknown}
 e - 3 scrolls of remove curse {unknown}
 f - 3 scrolls of identify
 k - a scroll of amnesia {unknown}
Jewellery
 t - a ring of positive energy (left claw)
Potions
 a - a potion of curing {unknown}
 g - 2 potions of restore abilities {unknown}
 h - a potion of brilliance {unknown}
 i - a potion of heal wounds {unknown}
 l - a potion of lignification {unknown}
 m - a potion of might {unknown}
Magical staves
 p - an uncursed staff of death


   Skills:
 - Level 2.4(0.7) Fighting
 - Level 2.4(0.7) Dodging
 - Level 1.1(0.0) Stealth
 + Level 3.0(1.2) Shields
 - Level 6.6(4.7) Unarmed Combat


You had 5 spell levels left.
You didn't know any spells.

Dungeon Overview and Level Annotations

Branches:
Dungeon (4/16)
 Temple: D:4-7

Altars:

Annotations:
D:4 Kae's ghost, experienced DrTm


Innate Abilities, Weirdness & Mutations

You are too large for most types of armour.
You have claws for hands.
Your metabolism is lightning-fast.
You like to eat raw meat.
You heal very quickly.
You can eat rotten meat.
You are covered in fur (AC +1).
You have very tough skin (AC +2).


Message History

The blast of negative energy misses you.
You barely miss Kae's ghost.
Kae's ghost is severely damaged.
You block Kae's ghost's attack.
You hit Kae's ghost.
Kae's ghost is severely damaged.
You block Kae's ghost's attack.
You closely miss Kae's ghost.
Kae's ghost is severely damaged.
You block Kae's ghost's attack.
You hit Kae's ghost but do no damage.
Kae's ghost is severely damaged.
Kae's ghost breathes negative energy at you.
The blast of negative energy hits you! You partially resist.
You feel drained.
* * * LOW HITPOINT WARNING * * *
Kae's ghost hits you!
* * * LOW HITPOINT WARNING * * *
Kae's ghost breathes negative energy at you.
The blast of negative energy hits you! You partially resist.
You feel drained.
You die...

#....##.# ... ##. #....##.# ....
#####.. #.##.##.# .... .......#
#.##.##.# #..# #.(...>#
#.##.##(# #..#
#......#####.##.##.# #..#
...>.....<##.##.##.# #..#
...(......##.##.##.###..#######
................@...............
........%.##.#####p###.####...#
..........##..........♣P......#
..........#######.....%.P.#...#
....<.....# #...>.....P.#
########### #.......♣.♣.#
#......♣≈≈..P# #.....♣≈≈≈...#
#####P≈♣≈≈≈..#


You could see Kae's ghost.

Vanquished Creatures
  An ogre (D:3)
  2 hounds (D:4)
  2 orc wizards (D:3)
  5 adders
  A worm (D:2)
  3 oozes
  13 orcs
  A ball python (D:2)
  4 bats
  4 giant cockroaches
  10 goblins
  12 hobgoblins
  6 jackals
  7 kobolds
  A quokka (D:3)
  3 giant geckos
  2 giant newts
  8 rats
85 creatures vanquished.

Vanquished Creatures (others)
  A quokka (D:4)
1 creature vanquished.

Grand Total: 86 creatures vanquished

Notes
Turn   | Place    | Note
--------------------------------------------------------------
     0 | D:1      | Econoterrorist, the Troll Monk, began the quest for the Orb.
     0 | D:1      | Reached XP level 1. HP: 22/22 MP: 1/1
   192 | D:1      | Reached XP level 2. HP: 25/29 MP: 1/1
   786 | D:2      | Reached skill level 5 in Unarmed Combat
   801 | D:2      | Reached XP level 3. HP: 33/36 MP: 2/2
  1076 | D:2      | Reached XP level 4. HP: 40/44 MP: 2/2
  1277 | D:3      | Reached skill level 6 in Unarmed Combat
  1565 | D:3      | Reached XP level 5. HP: 46/50 MP: 2/2
  2156 | D:4      | Reached skill level 1 in Shields
  2162 | D:4      | Reached XP level 6. HP: 55/59 MP: 3/3
  2206 | D:4      | Noticed an ogre
  2211 | D:4      | Noticed Kae's ghost (experienced DrTm)
  2302 | D:3      | Killed an ogre
  2364 | D:4      | HP: 2/59 [Kae's ghost (12)]
  2366 | D:4      | Killed from afar by Kae's ghost

Action                   |  1- 3 |  4- 6 || total
-------------------------+-------+-------++-------
Melee: Unarmed           |   108 |   150 ||   258
  Use: Scroll            |       |     1 ||     1
 Stab: Sleeping          |       |     2 ||     2
